 Dungeon Crawl Stone Soup version 0.32-a0-42-ga30500b4d3 (webtiles) character file.

Game seed: 6006866626846380445

2453 CraigForest the Grappler (level 9, -2/79 HPs)
             Began as a Troll Shapeshifter on Jan 28, 2024.
             Was an Initiate of Qazlal.
             Slain by Maggie
             ... wielding a +0 war axe of pain
              (6 damage)
             ... on level 7 of the Dungeon on Jan 29, 2024.
             The game lasted 00:20:22 (4596 turns).

CraigForest the Grappler (Troll Shapeshifter)       Turns: 4596, Time: 00:20:23

Health: -2/79      AC:  7    Str: 28    XL:     9   Next: 25%
Magic:  8/8        EV: 10    Int:  6    God:    Qazlal [......]
Gold:   462        SH:  0    Dex:  9    Spells: 8/8 levels left

rFire   . .          .
                       - Unarmed
rCold   . . .        (no shield)
rNeg    . . .        B - +0 steam dragon scales
rPois   .            (helmet currently unavailable)
rElec   .            (cloak currently unavailable)
rCorr   +            (gloves unavailable)
SInv    .            (boots unavailable)
Will    .....        A - amulet of the acrobat
Stlth   +            s - ring of resist corrosion
HPRegen 1.13/turn    x - ring of wizardry
MPRegen 0.11/turn

%: acrobat, wizardry (x1)
@: mighty, brilliant, lethally poisoned (-2 -> -8), beast-form, mesmerised,
slowed, very slow
A: beast (slay +3), large, unfitting armour, claws 3, regeneration 1, shaggy fur
1, tough skin 1
a: Begin Untransformation, Renounce Religion


You were on level 7 of the Dungeon.
You worshipped Qazlal.
Qazlal was noncommittal.
You were a hulking beast.
You visited 2 branches of the dungeon, and saw 8 of its levels.

You collected 462 gold pieces.

Inventory:

Missiles
 q - 12 poisoned darts (quivered)
Armour
 a - a +0 animal skin
 B - +0 steam dragon scales (worn)
Jewellery
 s - a ring of resist corrosion (left claw)
 x - a ring of wizardry (right claw)
 A - an amulet of the acrobat (around neck)
 I - a ring of wizardry
Talismans
 c - a beast talisman (active)
 d - a flux talisman
Wands
 r - a wand of flame (24)
 u - a wand of polymorph (14)
Scrolls
 e - a scroll of teleportation
 g - a scroll of fog
 h - 3 scrolls of fear
 i - 2 scrolls of blinking {unknown}
 j - a scroll of poison {unknown}
 l - a scroll of vulnerability
 o - a scroll of enchant weapon {unknown}
 p - 2 scrolls of enchant armour {unknown}
 y - a scroll of acquirement {unknown}
 E - a scroll of identify
 H - a scroll of noise {unknown}
Potions
 b - 3 potions of lignification
 f - 2 potions of degeneration
 k - 4 potions of enlightenment
 m - a potion of magic
 n - 3 potions of curing
 t - a potion of invisibility
 v - 3 potions of haste
 w - 2 potions of might
 z - 2 potions of resistance
 C - a potion of heal wounds {unknown}
 D - a potion of ambrosia {unknown}
 F - a potion of berserk rage {unknown}


   Skills:
 + Level 2.1 Fighting
 + Level 0.3 Throwing
 + Level 4.8 Dodging
 + Level 0.8 Stealth
 + Level 10.0 Unarmed Combat
 + Level 5.3 Shapeshifting


You had 8 spell levels left.
You didn't know any spells.
Your spell library contained the following spells:

 Spells                   Type           Power      Damage    Failure   Level
 Apportation              Tloc           0%         N/A       21%         1
 Magic Dart               Conj           0%         1d3       21%         1
 Necrotise                Necr           0%         1d4       21%         1
 Sting                    Conj/Alch      0%         1d3       21%         1
 Summon Small Mammal      Summ           0%         N/A       21%         1
 Blink                    Tloc           0%         N/A       28%         2
 Call Imp                 Summ           0%         N/A       28%         2
 Lesser Beckoning         Tloc           0%         N/A       28%         2
 Call Canine Familiar     Summ           0%         N/A       50%         3
 Gell's Gravitas          Tloc           0%         N/A       50%         3
 Sigil of Binding         Hex            0%         N/A       50%         3
 Teleport Other           Tloc           0%         N/A       50%         3
 Dimensional Bullseye     Hex/Tloc       0%         N/A       86%         4


Dungeon Overview and Level Annotations

Branches:
Dungeon (7/15)             Temple (1/1) D:6

Altars:
Ashenzari
Cheibriados
Dithmenos
Elyvilon
Fedhas
Gozag
Hepliaklqana
Kikubaaqudgha
Nemelex Xobeh
Okawaru
Qazlal
Ru
Sif Muna
Trog
Uskayaw
Wu Jian
Yredelemnul
Zin
The Shining One

Annotations:
D:7 Maggie


Innate Abilities, Weirdness & Mutations

You are a hulking beast.
Your limbs bulge with bestial killing power. (Slay +3)
You are too large for most types of armour.
You have claws for hands.
Your natural rate of healing is unusually fast.
You are covered in fur. (AC +1)
You have tough skin. (AC +1)


Message History

You feel very sick. The hornet stings you!
You are more poisoned.
You feel yourself slow down. Maggie casts a spell at you.
The bolt of fire hits you!!
* * * LOW HITPOINT WARNING * * *
The hornet barely misses you.
An orc comes into view. It is wielding a +0 hand axe.
Maggie hits you with a +0 war axe of pain.
* * * LOW HITPOINT WARNING * * *
You writhe in agony.
* * * LOW HITPOINT WARNING * * *
It was a potion of curing.
You feel better.
The hornet stings you but does no damage.
The hornet closely misses you.
Maggie gestures wildly while chanting.
Maggie draws you further into her thrall.
The hornet closely misses you.
Unknown command.
You cannot move away from Maggie!
You claw Maggie!
Maggie is lightly wounded.
The hornet completely misses you.
Maggie hits you with a +0 war axe of pain.
* * * LOW HITPOINT WARNING * * *
You writhe in agony.
* * * LOW HITPOINT WARNING * * *
You mangle Maggie!!
Maggie is severely wounded.
You feel yourself speed up. The hornet closely misses you.
Maggie hits you with a +0 war axe of pain.
* * * LOW HITPOINT WARNING * * *
The hornet stings you!
* * * LOW HITPOINT WARNING * * *
You are lethally poisoned!
You feel yourself slow down.
Maggie hits you with a +0 war axe of pain.
You die...

.### ...### ####
....# #..### ... ##
#..###....#
...##.##..#..h@.##...
.......#.....y.......
..........$..#$......
............####o...
##..........## ...
..#............... ..
...............#.. $
##..#...#.....## #
.#..##...##.....#


You could see Maggie (mesmerising), a hornet and an orc.

Vanquished Creatures
  An ugly thing (D:6)
  A kobold demonologist (D:5)
  A steam dragon (D:5)
  2 black bears (D:6)
  An ice beast (D:6)
  An ogre (D:7)
  2 phantoms
  3 necrophages (D:4)
  3 scorpions
  2 howler monkeys (D:7)
  2 bombardier beetles (D:6)
  3 hounds (D:5)
  A jelly (D:6)
  An orc priest (D:7)
  3 scorpion zombies (D:4)
  5 iguanas
  2 orc wizards (D:4)
  Robin (D:2)
  A gnoll (D:4)
  8 adders
  3 shadow imps
  3 white imps
  2 ufetubi (D:6)
  2 ribbon worms (D:2)
  5 dart slugs
  11 orcs
  6 ball pythons
  9 endoplasms
  5 giant cockroaches
  14 goblins
  12 hobgoblins
  6 kobolds
  6 quokkas
  3 bats
  5 frilled lizards
  A jackal zombie (D:4)
  6 rats
143 creatures vanquished.

Notes
Turn   | Place    | Note
-------+----------+-------------------------------------------
     0 | D:1      | CraigForest the Troll Shapeshifter began the quest for the
                  | Orb.
     0 | D:1      | Reached XP level 1. HP: 18/18 MP: 0/0
   126 | D:1      | Reached XP level 2. HP: 24/26 MP: 1/1
   593 | D:2      | Reached XP level 3. HP: 24/32 MP: 2/2
   771 | D:2      | Reached skill level 4 in Unarmed Combat
  1220 | D:2      | Reached XP level 4. HP: 35/40 MP: 3/3
  1307 | D:2      | Noticed Robin
  1329 | D:2      | Killed Robin
  2252 | D:4      | Found a shimmering blue altar of Sif Muna.
  2299 | D:4      | Found a white marble altar of Elyvilon.
  2308 | D:4      | Reached skill level 1 in Fighting
  2308 | D:4      | Reached XP level 5. HP: 48/48 MP: 4/4
  2438 | D:4      | Reached skill level 5 in Unarmed Combat
  2667 | D:4      | Found a broken altar of Ashenzari.
  2667 | D:4      | Noticed a phantom
  2682 | D:4      | Killed a phantom
  2683 | D:4      | Reached XP level 6. HP: 39/55 MP: 5/5
  2822 | D:4      | Found an iron altar of Okawaru.
  2892 | D:4      | Found a blossoming altar of Fedhas.
  2933 | D:4      | Reached skill level 6 in Unarmed Combat
  2938 | D:4      | Reached XP level 7. HP: 44/62 MP: 6/6
  3110 | D:5      | Entered Level 5 of the Dungeon
  3245 | D:5      | Noticed a steam dragon
  3255 | D:5      | Killed a steam dragon
  3256 | D:5      | Reached skill level 7 in Unarmed Combat
  3268 | D:5      | Noticed a kobold demonologist
  3276 | D:5      | Noticed a neqoxec
  3287 | D:5      | Noticed a ynoxinul
  3293 | D:5      | Killed a kobold demonologist
  3294 | D:5      | Reached XP level 8. HP: 25/70 MP: 4/7
  3589 | D:5      | Found an opulent altar of Gozag.
  3596 | D:5      | Reached skill level 8 in Unarmed Combat
  3730 | D:6      | Found a sparkling altar of Nemelex Xobeh.
  3785 | D:6      | Noticed a green ugly thing
  3795 | D:6      | Killed a green ugly thing
  3796 | D:6      | Reached skill level 9 in Unarmed Combat
  3893 | D:6      | Found a staircase to the Ecumenical Temple.
  3906 | Temple   | Entered the Ecumenical Temple
  3917 | Temple   | Became a worshipper of Qazlal Stormbringer
  3978 | D:6      | Reached skill level 5 in Shapeshifting
  4098 | D:6      | Reached XP level 9. HP: 77/79 MP: 8/8
  4357 | D:6      | Found a glowing golden altar of the Shining One.
  4547 | D:7      | Found a shadowy altar of Dithmenos.
  4570 | D:7      | Reached skill level 10 in Unarmed Combat
  4584 | D:7      | Noticed Maggie
  4591 | D:7      | Paralysed by a hornet for 2 turns
  4596 | D:7      | Slain by Maggie

Illustrated notes

Levels and vault maps discovered:
D:1:      co_arrival_square_in_a_square_in_a_square, layout_basic,
          minmay_small_reverse_x
D:2:      minmay_chambers_of_twos, layout_basic, kennysheep_generic_room_7,
          uniq_robin
D:3:      layout_basic
D:4:      layout_rooms, fedhas_altar_decomposition, elyvilon_altar_5,
          kennysheep_little_box, okawaru_altar_gauntlet_db,
          mainiacjoe_overflow_tiny_flanked, serial_library_hellmonk_octagon
D:5:      layout_rooms, moated_statue, kennysheep_diamond,
          nicolae_concentric_dashed_squares_mild
D:6:      layout_loops_ring, nemelex_xobeh_ov_fountains_minmay,
          lemuel_tele_altar, minmay_temple_entry_mist
D:7:      layout_cave_pools, nicolae_overflow_hidden_temple, uniq_maggie
Temple:   nicolae_temple_ecumenical_triangle

Skill      XL: |  1  2  3  4  5  6  7  8  9 |
---------------+----------------------------+-----
Unarmed Combat | 4 5 6 7 9 10 | 10.0
Dodging        | 2 3 4 |  4.8
Fighting       | 1 2 |  2.1
Shapeshifting  | 4 5 |  5.3
Throwing       | |  0.3
Stealth        | |  0.8

Action                     |  1- 3 |  4- 6 |  7- 9 || total
---------------------------+-------+-------+-------++-------
  Melee: Unarmed           |    89 |   157 |   120 ||   366
         Punch             |     1 |     4 |     6 ||    11
  Throw: Dart              |     5 |       |       ||     5
    Use: Potion            |     3 |       |     4 ||     7
         Scroll            |       |     7 |     3 ||    10
 Armour: Animal skin       |    58 |    92 |    32 ||   182
         Steam dragon scal |       |       |    50 ||    50
  Dodge: Dodged            |    47 |    55 |    54 ||   156
   Form: Beast             |     1 |       |       ||     1

Table legend: (Time is in decaauts)
 A = Elapsed time spent in this place.
 B = Non-inter-level travel time spent in this place.
 C = Inter-level travel time spent in this place.
 D = Time resting spent in this place.
 E = Time spent auto-exploring this place.
 F = Levels seen in this place.
 G = Mean time per level.
                   A        B        C        D        E       F      G
               +--------+--------+--------+--------+--------+-----+--------+
         Total |   4558 |   4382 |    176 |    112 |   2766 |   8 |  569.8 |
       Dungeon |   4537 |   4361 |    176 |    112 |   2766 |   7 |  648.1 |
        Temple |     20 |     20 |      0 |      0 |      0 |   1 |   20.0 |
               +--------+--------+--------+--------+--------+-----+--------+

Top non-repeatable levels by time:
     D:2: 1046 daAuts
     D:4: 883 daAuts
     D:3: 715 daAuts
     D:6: 687 daAuts
     D:5: 612 daAuts
     D:1: 441 daAuts
     D:7: 150 daAuts
  Temple: 20 daAuts
